[Event "Titled Tuesday Blitz August 02 Early 2022"]
[White "Kamsky, Gata"]
[Black "Alexiadis, Hristos"]
[WhiteFideId "2000024"]
[BlackFideId "4249623"]
[WhiteElo "2645"]
[BlackElo "2416"]
[Result "1/2-1/2"]
[Round "05"]
[TimeControl "180+1"]
[Date "2022.08.02"]
[WhiteClock "0:00:46"]
[BlackClock "0:00:04"]

1. d4 Nf6 2. Nf3 d5 3. Bf4 c5 4. e3 Nc6 5. c3 Qb6 6. Qb3 c4 7. Qc2 Bf5 8. Qc1 e6 9. Nbd2 Be7 10. Be2 h6 11. O-O O-O 12. Re1 Nh5 13. Bg3 Nxg3 14. hxg3 Qc7 15. Bd1 b5 16. e4 dxe4 17. Nxe4 Rfd8 18. Bc2 Rac8 19. Ned2 Bg4 20. Nh2 Bf5 21. Bxf5 exf5 22. Nhf3 Bf6 23. Nf1 Ne7 24. a4 a6 25. axb5 axb5 26. Ne3 Qd7 27. Qc2 g6 28. Ra6 Rc6 29. Rea1 Kg7 30. Qb1 Rxa6 31. Rxa6 Nd5 32. Nxd5 Qxd5 33. Qe1 Ra8 34. Rxa8 Qxa8 35. Qd2 Qa1+ 36. Kh2 Qa6 37. d5 Qd6 38. Ne1 h5 39. Kg1 h4 40. gxh4 Bxh4 41. Nc2 Bf6 42. Na3 Qd7 43. d6 Be5 44. Qd5 Bxd6 45. Qxb5 Qe7 46. Kf1 Bxa3 47. bxa3 Qxa3 48. Qxc4 Qc1+ 49. Ke2 Qc2+ 50. Kf3 Qd1+ 51. Kg3 Qd6+ 52. f4 Kg8 53. Qd4 Qc6 54. c4 Qa4 55. Kh2 Qc2 56. c5 Qc1 57. Qd5 Qxf4+ 58. Kg1 Qe3+ 59. Kf1 Qc1+ 60. Kf2 Qf4+ 61. Kg1 Qc1+ 62. Kf2 Qc2+ 63. Kf1 Qc1+ 64. Kf2 1/2-1/2


[Site "https://www.chess.com"]

[Event "Titled Tuesday Blitz August 02 Early 2022"]
[White "Koelle, Tobias"]
[Black "Maksimovic, Bojan"]
[WhiteFideId "16207378"]
[BlackFideId "14408120"]
[WhiteElo "2541"]
[BlackElo "2453"]
[Result "0-1"]
[Round "05"]
[TimeControl "180+1"]
[Date "2022.08.02"]
[WhiteClock "0:00:04"]
[BlackClock "0:00:11"]

1. d4 c5 2. d5 e5 3. e4 d6 4. Bb5+ Nd7 5. a4 g6 6. Nc3 Bg7 7. Nf3 Ne7 8. O-O O-O 9. Nd2 a6 10. Bxd7 Bxd7 11. Nc4 b5 12. axb5 axb5 13. Rxa8 Qxa8 14. Ne3 b4 15. Ne2 Bb5 16. c4 bxc3 17. bxc3 Qa6 18. Re1 f5 19. exf5 gxf5 20. h3 f4 21. Ng4 Nf5 22. c4 Bxc4 23. Nc3 Nd4 24. Ne4 Bxd5 25. Ng5 h6 26. Ne4 Qc6 27. f3 h5 28. Ngf2 Bf6 29. Nxf6+ Rxf6 30. Bb2 Kg7 31. Qa1 Rg6 32. Bxd4 cxd4 33. Qa7+ Qb7 34. Ra1 Qxa7 35. Rxa7+ Kf6 36. Kf1 Kg5 37. Rh7 Kh4 38. Ng4 Bc4+ 39. Kf2 Be6 40. Nh2 d3 41. Nf1 d5 42. Nd2 Bf5 43. Rh8 e4 44. fxe4 dxe4 45. Kf1 e3 46. Nf3+ Kg3 47. Rxh5 Be4 48. Ne5 Bxg2+ 49. Kg1 f3 50. Nxf3 Bxf3 51. Re5 d2 52. Rd5 d1=Q+ 53. Rxd1 Bxd1 54. h4 e2 55. h5 e1=Q# 0-1


[Site "https://www.chess.com"]

[Event "Titled Tuesday Blitz August 02 Early 2022"]
[White "Kovacevic, Radmila"]
[Black "Csonka, Balazs"]
[WhiteFideId "933171"]
[BlackFideId "742910"]
[WhiteElo "2157"]
[BlackElo "2404"]
[Result "0-1"]
[Round "05"]
[TimeControl "180+1"]
[Date "2022.08.02"]
[WhiteClock "0:00:06"]
[BlackClock "0:00:07"]

1. e4 c5 2. Nf3 e6 3. c3 Nf6 4. e5 Nd5 5. d4 cxd4 6. Nxd4 Qc7 7. Qe2 a6 8. g3 Bc5 9. Nb3 Ba7 10. Bg2 Ne7 11. N1d2 O-O 12. Nc4 b5 13. Nd6 Nbc6 14. Bf4 Rb8 15. h4 b4 16. h5 bxc3 17. bxc3 h6 18. O-O a5 19. Qg4 Kh8 20. Rac1 Ba6 21. Rfd1 a4 22. Nd4 Rb2 23. Rc2 a3 24. Rdd2 Nxd4 25. Bxh6 gxh6 26. Qf4 Ng8 27. Nxf7+ Rxf7 28. Qxf7 Rxc2 29. Rxd4 Rc1+ 30. Kh2 Bd3 31. Be4 Bxe4 32. Rxe4 Qc6 33. Qf4 Rxc3 34. Re2 Rc1 35. f3 Rc2 36. Rxc2 Qxc2+ 37. Kh3 Qxa2 38. Qe4 Qd5 39. Qf4 a2 40. Qc1 a1=Q 41. Qxa1 Qxf3 42. Qxa7 Qxh5+ 43. Kg2 Qe2+ 44. Kh3 Qd3 45. Qc5 Qf5+ 46. Kg2 Qf7 47. Qd6 Kg7 48. g4 Qe7 49. Qd4 Qf7 50. Kg3 Ne7 51. Qxd7 Nf5+ 52. gxf5 Qxd7 53. f6+ Kf7 54. Kg4 Qd5 55. Kh5 Qxe5+ 56. Kxh6 Kxf6 57. Kh7 Qg5 58. Kh8 Qg7# 0-1


[Site "https://www.chess.com"]

[Event "Titled Tuesday Blitz August 02 Early 2022"]
[White "Le, Tuan Minh"]
[Black "Samunenkov, Ihor"]
[WhiteFideId "12401153"]
[BlackFideId "14187086"]
[WhiteElo "2530"]
[BlackElo "2409"]
[Result "1-0"]
[Round "05"]
[TimeControl "180+1"]
[Date "2022.08.02"]
[WhiteClock "0:00:47"]
[BlackClock "0:00:03"]

1. d4 d5 2. Nf3 Nf6 3. Bf4 c5 4. c3 Nc6 5. e3 Qb6 6. Qc2 Bf5 7. dxc5 Bxc2 8. cxb6 axb6 9. Na3 Bf5 10. Nb5 O-O-O 11. Bc7 Rd7 12. Bxb6 e5 13. a4 Ne4 14. a5 Bc5 15. Bd3 Be6 16. Bxe4 dxe4 17. Ng5 Bc4 18. Nxe4 Be7 19. Na7+ Nxa7 20. Bxa7 Bd5 21. f3 f5 22. Ng3 Bh4 23. O-O Bxg3 24. hxg3 Bc4 25. Rf2 Bb3 26. Ra3 Rd1+ 27. Kh2 Bc4 28. b3 Be6 29. a6 h5 30. Bc5 Kb8 31. axb7 Kxb7 32. Ra7+ Kb8 33. Re7 Bxb3 34. Rb2 1-0


[Site "https://www.chess.com"]

[Event "Titled Tuesday Blitz August 02 Early 2022"]
[White "Lobanov, Sergei"]
[Black "Cappelletto, Joshuaede"]
[WhiteFideId "24183750"]
[BlackFideId "2824383"]
[WhiteElo "2524"]
[BlackElo "1761"]
[Result "1/2-1/2"]
[Round "05"]
[TimeControl "180+1"]
[Date "2022.08.02"]
[WhiteClock "0:00:20"]
[BlackClock "0:01:10"]

1. Nf3 g6 2. c4 Bg7 3. Nc3 c5 4. g3 Nc6 5. Bg2 d6 6. b3 e6 7. Bb2 Nge7 8. O-O O-O 9. e3 Bd7 10. d4 cxd4 11. exd4 d5 12. cxd5 Nxd5 13. Nxd5 exd5 14. Ne5 Be6 15. Nxc6 bxc6 16. Rc1 Qd7 17. Qd2 Rac8 18. Ba3 Rfe8 19. Bc5 h5 20. h4 Bh3 21. Rfe1 Bxg2 22. Kxg2 a6 23. Qd3 Rxe1 24. Rxe1 Re8 25. Rxe8+ Qxe8 26. Qxa6 Qe4+ 27. Kg1 Qb1+ 28. Kh2 Qc2 29. Kg2 Qe4+ 30. Kh2 Qc2 31. Kg1 Qb1+ 32. Kg2 Qe4+ 1/2-1/2


[Site "https://www.chess.com"]

[Event "Titled Tuesday Blitz August 02 Early 2022"]
[White "Madaminov, Mukhiddin"]
[Black "Shimanov, Aleksandr"]
[WhiteFideId "14210703"]
[BlackFideId "4198603"]
[WhiteElo "2011"]
[BlackElo "2605"]
[Result "1/2-1/2"]
[Round "05"]
[TimeControl "180+1"]
[Date "2022.08.02"]
[WhiteClock "0:00:06"]
[BlackClock "0:00:07"]

1. d4 Nf6 2. Nc3 d5 3. Bf4 c5 4. e4 Nxe4 5. Nxe4 dxe4 6. dxc5 Qa5+ 7. c3 Qxc5 8. Qa4+ Nc6 9. Qxe4 g6 10. Nf3 Bg7 11. Qe3 Qxe3+ 12. Bxe3 O-O 13. O-O-O Be6 14. Kb1 Rfd8 15. Be2 h6 16. Rxd8+ Rxd8 17. Rd1 Rc8 18. Nd4 Nxd4 19. Bxd4 Bf5+ 20. Kc1 b6 21. h4 Be6 22. a3 g5 23. hxg5 hxg5 24. g3 Bf5 25. Bf3 Rd8 26. Be3 Rxd1+ 27. Kxd1 g4 28. Bc6 Be5 29. Kd2 Kf8 30. a4 e6 31. a5 Bc7 32. axb6 axb6 33. c4 Ke7 34. b4 Bb1 35. c5 bxc5 36. Bxc5+ Kd8 37. b5 Ba5+ 38. Ke3 Bc3 39. b6 Be5 40. Bb5 Ba2 41. Be2 f5 42. Bb5 Bd5 43. Kd3 Kc8 44. Ba6+ Kb8 45. Be3 Bd6 46. Bf4 e5 47. Be3 Be6 48. Bc4 Bd7 49. Bd5 Bb5+ 50. Bc4 Bc6 51. Be6 Be4+ 52. Kc4 Kb7 53. Bd5+ Bxd5+ 54. Kxd5 Bb8 55. Bc5 f4 56. Ke4 Kc6 57. Be7 fxg3 58. fxg3 Kxb6 59. Bf6 Kc6 60. Bxe5 Ba7 61. Kf5 Bf2 62. Kxg4 Bxg3 1/2-1/2


[Site "https://www.chess.com"]

[Event "Titled Tuesday Blitz August 02 Early 2022"]
[White "Makarian, Rudik"]
[Black "Vivekananthan, Anish"]
[WhiteFideId "44105681"]
[BlackFideId "2090775"]
[WhiteElo "2403"]
[BlackElo "2736"]
[Result "1-0"]
[Round "05"]
[TimeControl "180+1"]
[Date "2022.08.02"]
[WhiteClock "0:00:08"]
[BlackClock "0:00:03"]

1. d3 d5 2. f4 Nf6 3. Nf3 b6 4. g3 Bb7 5. Bg2 e6 6. O-O Be7 7. e3 O-O 8. b3 c5 9. Qe2 Nc6 10. Bb2 Re8 11. c4 Qc7 12. e4 dxe4 13. dxe4 Nb4 14. a3 Nc6 15. e5 Nd7 16. Nc3 Rad8 17. h4 a6 18. h5 Nd4 19. Nxd4 cxd4 20. Ne4 d3 21. Qxd3 Nc5 22. Qc2 Nxe4 23. Bxe4 Bxe4 24. Qxe4 Rd2 25. Bc3 Qc5+ 26. Kh1 Rf2 27. Bd4 Rxf1+ 28. Rxf1 Qxa3 29. f5 exf5 30. Qxf5 Rf8 31. e6 f6 32. h6 g6 33. Qd5 Qxb3 34. Rxf6 Qd1+ 35. Kg2 Qd2+ 36. Rf2 Qxh6 37. Qd7 Rxf2+ 38. Bxf2 Qf8 39. Bxb6 Qf6 40. Bd4 Qf8 41. c5 h5 42. c6 h4 43. c7 h3+ 44. Kh2 1-0


[Site "https://www.chess.com"]

[Event "Titled Tuesday Blitz August 02 Early 2022"]
[White "Manukyan, Sargis A."]
[Black "Xu, Yi"]
[WhiteFideId "13303970"]
[BlackFideId "8605564"]
[WhiteElo "2187"]
[BlackElo "2471"]
[Result "1/2-1/2"]
[Round "05"]
[TimeControl "180+1"]
[Date "2022.08.02"]
[WhiteClock "0:00:03"]
[BlackClock "0:00:03"]

1. d4 Nf6 2. c4 e6 3. Nc3 Bb4 4. e3 O-O 5. Ne2 Re8 6. a3 Bf8 7. g3 d5 8. b3 a5 9. Bg2 c6 10. O-O Na6 11. e4 dxe4 12. Nxe4 Nxe4 13. Bxe4 e5 14. dxe5 Qxd1 15. Rxd1 Bg4 16. f3 Rxe5 17. Nf4 Rxe4 18. fxg4 a4 19. bxa4 Rxc4 20. Rb1 Nc5 21. a5 Be7 22. Bd2 h6 23. Bb4 Kf8 24. Kg2 Rc2+ 25. Kh3 g5 26. Nh5 Rd8 27. Rxd8+ Bxd8 28. Bxc5+ Rxc5 29. Rxb7 Rxa5 30. Rb8 Ke7 31. Ng7 Rxa3 32. Nf5+ Kd7 33. Rb7+ Bc7 34. Nxh6 f6 35. Ng8 c5 36. Nxf6+ Kc6 37. Rb2 Re3 38. Nh7 Bd8 39. Rd2 Be7 40. Rf2 c4 41. Rf5 c3 42. Nf6 c2 43. Rf1 Bxf6 44. Rxf6+ Kd5 45. Rf1 Rc3 46. Rc1 Kd4 47. Rxc2 Rxc2 1/2-1/2


[Site "https://www.chess.com"]

[Event "Titled Tuesday Blitz August 02 Early 2022"]
[White "Mardov, Dimitar"]
[Black "Papasimakopoulos, Alexandros"]
[WhiteFideId "30919495"]
[BlackFideId "4244125"]
[WhiteElo "2185"]
[BlackElo "2340"]
[Result "1-0"]
[Round "05"]
[TimeControl "180+1"]
[Date "2022.08.02"]
[WhiteClock "0:00:13"]
[BlackClock "0:00:51"]

1. e4 e6 2. d4 d5 3. Nc3 Bb4 4. Ne2 Nc6 5. a3 Ba5 6. b4 Bb6 7. Bb2 Nge7 8. g3 e5 9. dxe5 Nxe5 10. Nf4 Ng4 11. Nd3 Bd4 12. Bg2 dxe4 13. Bxe4 Nf6 14. Bg2 O-O 15. O-O c6 16. Qd2 Bf5 17. Rad1 a5 18. Nc5 Bxc5 19. bxc5 Qxd2 20. Rxd2 Rad8 21. Rfd1 Ned5 22. Nxd5 cxd5 23. Bxf6 gxf6 24. Rxd5 Rxd5 25. Rxd5 Bxc2 26. Rd2 Bf5 27. Bxb7 Bc8 28. c6 Re8 29. f4 Kg7 30. Rb2 Bh3 31. Kf2 Re4 32. Rc2 Ra4 33. Rc3 Rd4 34. c7 Rd2+ 35. Ke1 Rxh2 36. g4 Rh1+ 37. Bxh1 1-0


[Site "https://www.chess.com"]

[Event "Titled Tuesday Blitz August 02 Early 2022"]
[White "Nakamura, Hikaru"]
[Black "Kevlishvili, Robby"]
[WhiteFideId "2016192"]
[BlackFideId "1040634"]
[WhiteElo "2850"]
[BlackElo "2577"]
[Result "1/2-1/2"]
[Round "05"]
[TimeControl "180+1"]
[Date "2022.08.02"]
[WhiteClock "0:00:11"]
[BlackClock "0:00:10"]

1. Nf3 d5 2. e3 Nf6 3. c4 e6 4. b3 Bd6 5. Bb2 O-O 6. g3 b6 7. Bg2 Bb7 8. O-O Nbd7 9. Qe2 Qe7 10. Nc3 a6 11. Rac1 h6 12. Rfd1 Rfe8 13. d3 Rad8 14. Nb1 c5 15. cxd5 Nxd5 16. a3 e5 17. Nbd2 Bb8 18. Nc4 b5 19. Ncd2 N7f6 20. Rc2 Nb6 21. Rdc1 Rc8 22. e4 Bd6 23. Ne1 Nbd7 24. Nf1 Nb8 25. Ne3 g6 26. Qd2 Kh7 27. Nf3 Nc6 28. Qd1 Nd4 29. Rd2 Rc7 30. Rb1 Bc8 31. Bc3 Be6 32. h3 Rec8 33. Kh2 Rb8 34. b4 Nxf3+ 35. Bxf3 cxb4 36. Bxb4 Bxb4 37. axb4 Rd8 38. d4 exd4 39. Rxd4 Rcd7 40. Rxd7 Nxd7 41. Qd4 Qf6 42. Qxf6 Nxf6 43. Bg2 Rd2 44. Kg1 g5 45. Ra1 Rb2 46. e5 Nd7 47. f4 gxf4 48. gxf4 Rxb4 49. f5 Bb3 50. e6 fxe6 51. fxe6 Bxe6 52. Rxa6 Bf7 53. Ra7 Rd4 54. Bc6 Be6 55. Bxb5 Kg6 56. Bf1 Nf6 57. Kf2 Rf4+ 58. Kg3 Rd4 59. Be2 Ne4+ 60. Kf3 Ng5+ 61. Kf2 Nxh3+ 62. Kg3 Nf4 63. Bf3 Nh5+ 64. Kf2 Nf6 65. Ra6 Kf7 66. Kg3 Ne4+ 67. Kg2 Ng5 68. Bh5+ Ke7 69. Bg6 Rd6 70. Ra7+ Rd7 71. Rxd7+ Kxd7 72. Bf5 Bxf5 73. Nxf5 Ke6 74. Nxh6 1/2-1/2


[Site "https://www.chess.com"]

[Event "Titled Tuesday Blitz August 02 Early 2022"]
[White "Nitish Belurkar"]
[Black "Vakhlamov, Igor L."]
[WhiteFideId "5084768"]
[BlackFideId "24126748"]
[WhiteElo "2306"]
[BlackElo "2401"]
[Result "1/2-1/2"]
[Round "05"]
[TimeControl "180+1"]
[Date "2022.08.02"]
[WhiteClock "0:01:36"]
[BlackClock "0:00:12"]

1. d4 d5 2. Nf3 Nf6 3. e3 e6 4. Bd3 Be7 5. Nbd2 O-O 6. O-O Nbd7 7. Re1 b6 8. e4 dxe4 9. Nxe4 Bb7 10. Qe2 c5 11. dxc5 Nxc5 12. Nxc5 Bxc5 13. Bg5 h6 14. Bh4 Be7 15. Rad1 Qc7 16. Nd4 Rfe8 17. c3 a6 18. h3 b5 19. a3 Rad8 20. Bb1 Qf4 21. Bg3 Qg5 22. Qc2 Bd6 23. Re3 Bf4 24. Nf3 Bxf3 25. Rxf3 Bxg3 26. Rxg3 Qe5 27. Re3 Qc7 28. Rde1 Qd6 29. Rd3 Qxd3 30. Qxd3 Rxd3 31. Bxd3 Rd8 32. Rd1 Kf8 33. Kf1 Ke7 34. Ke2 Nd5 35. g3 g5 36. a4 bxa4 37. Bxa6 Rb8 38. Rd2 a3 39. bxa3 Nxc3+ 40. Kf1 Rb1+ 41. Kg2 Ra1 42. Bc4 Rxa3 43. Rd3 Nb1 44. Rd1 Nc3 45. Rd3 Nb1 46. Rd1 Rc3 47. Bxe6 Kxe6 48. Rxb1 Rc6 49. Kf3 Kf6 50. Rb3 Kg6 51. Re3 h5 52. Rd3 Rf6+ 53. Kg2 Ra6 54. Rd8 f6 55. Rh8 Ra4 56. Rg8+ Kf5 57. Rc8 h4 58. Rc5+ Kg6 59. Rc3 hxg3 60. fxg3 Ra2+ 61. Kf3 f5 62. Rc6+ Kf7 63. g4 Ra3+ 64. Kg2 f4 65. Rc5 Ra2+ 66. Kg1 Kf6 67. Rf5+ Kg6 68. Rf8 Ra5 69. Kg2 Kg7 70. Rc8 Kf6 71. Rf8+ Ke6 72. h4 Ra2+ 73. Kh3 Ra3+ 74. Kh2 gxh4 75. Rxf4 Rg3 76. g5 Rxg5 77. Rxh4 Kf5 78. Kh3 Rg7 79. Rh5+ Kf4 80. Ra5 Kf3 81. Ra3+ Kf2 82. Kh4 Rb7 83. Kg4 Rb4+ 84. Kf5 Rb5+ 85. Ke4 Rb4+ 86. Ke5 Rb5+ 87. Kd4 Rb4+ 88. Kd5 Rb5+ 89. Kc4 Rf5 90. Ra2+ Kg3 91. Kd4 Rf4+ 92. Ke3 Rf3+ 93. Ke4 Rf4+ 94. Ke3 Rf3+ 95. Ke4 Rf4+ 96. Ke3 1/2-1/2


[Site "https://www.chess.com"]

[Event "Titled Tuesday Blitz August 02 Early 2022"]
[White "Perera Alfonso, Rene Humberto"]
[Black "Livaic, Leon"]
[WhiteFideId "3514722"]
[BlackFideId "14531534"]
[WhiteElo "2313"]
[BlackElo "2540"]
[Result "0-1"]
[Round "05"]
[TimeControl "180+1"]
[Date "2022.08.02"]
[WhiteClock "0:00:06"]
[BlackClock "0:01:05"]

1. e4 c5 2. Nf3 d6 3. d4 cxd4 4. Nxd4 Nf6 5. Nc3 Nc6 6. Bc4 Qb6 7. Nxc6 bxc6 8. O-O g6 9. e5 dxe5 10. Qe2 Qc7 11. f4 Bg4 12. Qe1 e4 13. Nxe4 Bg7 14. Ng5 O-O 15. h3 Bf5 16. c3 Nd5 17. Bb3 h6 18. Nf3 Nxf4 19. Bxf4 Qxf4 20. Nh4 Qg5 21. Nxf5 gxf5 22. Rd1 e6 23. Rd7 Rad8 24. Rxa7 Rd2 25. Rf2 Rxf2 26. Kxf2 Qf4+ 27. Kg1 Rd8 28. Rxf7 Be5 29. Bxe6 Qh2+ 30. Kf1 Qh1+ 31. Ke2 Qxg2+ 32. Qf2 Rd2+ 33. Kxd2 Qxf2+ 34. Kd3 Qf3+ 35. Kc4 Qe2+ 36. Kb3 Kh8 37. Rf8+ Kg7 38. Rxf5 Bxc3 0-1


[Site "https://www.chess.com"]

[Event "Titled Tuesday Blitz August 02 Early 2022"]
[White "Petrovic, Aleksa"]
[Black "Wu, Derek"]
[WhiteFideId "967629"]
[BlackFideId "30914558"]
[WhiteElo "2185"]
[BlackElo "2071"]
[Result "0-1"]
[Round "05"]
[TimeControl "180+1"]
[Date "2022.08.02"]
[WhiteClock "0:00:20"]
[BlackClock "0:01:46"]

1. d4 Nf6 2. c4 e6 3. Nf3 b6 4. g3 Bb7 5. Bg2 g6 6. O-O Bg7 7. Nc3 Ne4 8. Nxe4 Bxe4 9. Re1 O-O 10. Bf1 d6 11. Be3 Nd7 12. Nd2 Bb7 13. f3 f5 14. Bf2 e5 15. d5 e4 16. fxe4 fxe4 17. Nxe4 Bxb2 18. Bh3 Nc5 19. Nxc5 dxc5 20. Be6+ Kg7 21. Qd2 Bxa1 22. Rxa1 Rxf2 23. Kxf2 Qf6+ 24. Kg2 Qxa1 25. Qf4 Kh8 26. Qxc7 Qg7 27. Qf4 Rf8 28. Qg5 Qf6 29. Qxf6+ Rxf6 30. e4 Rxe6 31. dxe6 Bxe4+ 32. Kf2 Kg7 33. Ke3 Bc6 34. Kf4 Kf6 0-1


[Site "https://www.chess.com"]

[Event "Titled Tuesday Blitz August 02 Early 2022"]
[White "Ponce Cano, Adrian"]
[Black "Bryakin, Mikhail"]
[WhiteFideId "22296913"]
[BlackFideId "4165314"]
[WhiteElo "2261"]
[BlackElo "2422"]
[Result "1/2-1/2"]
[Round "05"]
[TimeControl "180+1"]
[Date "2022.08.02"]
[WhiteClock "0:00:23"]
[BlackClock "0:00:03"]

1. e4 d5 2. exd5 Qxd5 3. Nc3 Qe5+ 4. Be2 Bg4 5. d4 Bxe2 6. Ngxe2 Qa5 7. Bd2 c6 8. Ng3 Nf6 9. Qe2 Qa6 10. Qf3 e6 11. O-O-O Nbd7 12. Rhe1 O-O-O 13. Kb1 Bb4 14. Nce4 Bxd2 15. Rxd2 Rhf8 16. c4 Qa5 17. Red1 Kb8 18. Rd3 Qc7 19. Rb3 h6 20. h4 Ka8 21. Ra3 Nxe4 22. Nxe4 f5 23. Nc3 e5 24. d5 e4 25. Qe3 Qb6 26. dxc6 Qxe3 27. cxb7+ Kxb7 28. fxe3 Ne5 29. Rb3+ Kc6 30. Nd5 Nxc4 31. Ne7+ Kc5 32. Rc1 Kd6 33. Nxf5+ Rxf5 34. Rxc4 Rf1+ 35. Rc1 Rxc1+ 36. Kxc1 Rf8 37. Rb7 Rf1+ 38. Kc2 Rf2+ 39. Kc3 Rxg2 40. Rxa7 Ke5 41. Ra5+ Kf6 42. b4 g5 43. hxg5+ hxg5 44. Kd4 Rb2 45. Ra6+ Kf5 46. Ra5+ Kf6 47. Kxe4 Rxb4+ 48. Kf3 Rb1 49. Ra6+ Ke5 50. Ra5+ Kf6 51. a4 Rb4 52. Ra6+ Ke5 53. Ra5+ Kf6 54. e4 Rb1 55. Rf5+ Kg6 56. a5 Ra1 57. Rb5 Rf1+ 58. Kg4 Rg1+ 59. Kf3 Rf1+ 60. Kg3 Re1 61. Kf3 Rf1+ 1/2-1/2


[Site "https://www.chess.com"]

[Event "Titled Tuesday Blitz August 02 Early 2022"]
[White "Saydaliev, Saidakbar"]
[Black "Zhigalko, Sergei"]
[WhiteFideId "14203693"]
[BlackFideId "13502956"]
[WhiteElo "2265"]
[BlackElo "2662"]
[Result "0-1"]
[Round "05"]
[TimeControl "180+1"]
[Date "2022.08.02"]
[WhiteClock "0:00:04"]
[BlackClock "0:00:07"]

1. e4 c5 2. Nf3 Nc6 3. Bb5 Nf6 4. Nc3 Qc7 5. a4 Nd4 6. O-O e6 7. Re1 a6 8. Bc4 Ng4 9. g3 Nxf3+ 10. Qxf3 Ne5 11. Qe2 Be7 12. Ba2 O-O 13. d3 Nc6 14. Qd1 Nd4 15. Kg2 b5 16. Ne2 Bb7 17. c3 Nc6 18. Be3 f5 19. f3 Ne5 20. Nf4 fxe4 21. fxe4 c4 22. Bd4 g5 23. Qh5 Bf6 24. Nh3 Rf7 25. Rf1 Raf8 26. Nxg5 Rg7 27. Rxf6 Rxf6 28. Nf3 d6 29. Nxe5 dxe5 30. Bxe5 Qf7 31. Qxf7+ Rfxf7 32. Bxg7 Kxg7 33. dxc4 Bxe4+ 34. Kg1 bxa4 35. Re1 Bf5 36. c5 Rc7 37. Bc4 Rxc5 38. Bxa6 a3 39. bxa3 Rxc3 40. Bc8 Rxc8 41. Ra1 h5 42. a4 Ra8 43. a5 Ra6 44. Kf2 Kf6 45. Ke3 Ke5 46. Ra3 Be4 47. Ra1 Bd5 48. h3 Kf5 49. g4+ hxg4 50. hxg4+ Ke5 51. g5 Kf5 52. Kd4 Kxg5 53. Ke5 Kg4 54. Ra3 Kg5 55. Rg3+ Kh4 56. Ra3 Kh5 57. Kf6 Kg4 58. Ke5 Bf3 59. Ra1 Bg2 60. Ra3 Bf3 61. Ra1 Kg3 62. Ra3 Kf2 63. Kf4 Bd5 64. Ke5 Ke2 65. Kd4 Kd2 66. Kc5 Kc2 67. Kb5 Ra8 68. a6 Kb2 69. Re3 Kc2 70. Kb6 Kd2 71. Rg3 Rb8+ 72. Kc7 Rb1 73. a7 Ra1 74. Kb8 Ke2 75. Rg7 Rb1+ 76. Kc8 Ra1 77. Rd7 Ke3 78. Kb8 Ke4 79. Re7 Ke5 80. Rd7 Kd4 81. Rc7 e5 82. Re7 e4 0-1


[Site "https://www.chess.com"]

[Event "Titled Tuesday Blitz August 02 Early 2022"]
[White "Seo, Jung Min"]
[Black "Aldokhin, Ivan"]
[WhiteFideId "1734687"]
[BlackFideId "24115720"]
[WhiteElo "2414"]
[BlackElo "2246"]
[Result "1-0"]
[Round "05"]
[TimeControl "180+1"]
[Date "2022.08.02"]
[WhiteClock "0:00:15"]
[BlackClock "0:00:03"]

1. e4 c5 2. Nf3 e6 3. c3 Nf6 4. e5 Nd5 5. d4 cxd4 6. cxd4 d6 7. Bd3 Nc6 8. O-O Be7 9. a3 O-O 10. Qe2 Bd7 11. Qe4 f5 12. exf6 Nxf6 13. Qe2 d5 14. Nc3 Bd6 15. Be3 Qe8 16. Rae1 Qh5 17. h3 Rae8 18. Ng5 Qxe2 19. Bxe2 e5 20. dxe5 Bxe5 21. Bc5 h6 22. Nf3 Rf7 23. Nxe5 Rxe5 24. Bd1 Ne4 25. Nxe4 dxe4 26. Be3 Be6 27. Be2 Rd7 28. Rc1 Nd4 29. Bd1 Nc6 30. Re1 Kf7 31. Bf4 Rf5 32. Rxe4 Bd5 33. Ra4 b5 34. Bg4 Be6 35. Bxf5 Bxf5 36. Ra6 Nd4 37. Re1 Bd3 38. Be3 Nc2 39. Rd1 b4 40. axb4 Nxb4 41. Rxa7 Nc6 42. Rxd7+ Ke6 43. R7xd3 Ne5 44. Rd6+ Kf5 45. R1d5 g5 46. Rxe5+ Kxe5 47. Rxh6 Ke4 48. Bxg5 Kf5 49. h4 1-0


[Site "https://www.chess.com"]

[Event "Titled Tuesday Blitz August 02 Early 2022"]
[White "Sevian, Samuel"]
[Black "Kosteniuk, Alexandra"]
[WhiteFideId "2040506"]
[BlackFideId "4128125"]
[WhiteElo "2692"]
[BlackElo "2469"]
[Result "1-0"]
[Round "05"]
[TimeControl "180+1"]
[Date "2022.08.02"]
[WhiteClock "0:00:07"]
[BlackClock "0:00:11"]

1. c4 e5 2. Nc3 Nf6 3. Nf3 Nc6 4. g3 d5 5. cxd5 Nxd5 6. Bg2 Nb6 7. O-O Be7 8. a3 O-O 9. b4 Be6 10. Rb1 f6 11. d3 Nd4 12. Nd2 c6 13. e3 Nf5 14. Qc2 Qe8 15. Nde4 Rd8 16. Nc5 Bc8 17. N3e4 Qf7 18. Bb2 Nd6 19. Nd2 h5 20. d4 exd4 21. Bxd4 h4 22. Ba1 h3 23. Bh1 Ndc4 24. Nxc4 Nxc4 25. Rbc1 Nxa3 26. Qe4 Nb5 27. Qh4 Nd6 28. e4 Nc4 29. g4 Ne5 30. Qxh3 Bxg4 31. Qg3 Qh5 32. f4 Bxc5+ 33. Rxc5 b6 34. Rc3 Ng6 35. Rxc6 Bh3 36. Bf3 Qh6 37. Re1 Nxf4 38. Rc3 Nd3 39. Re2 Ne5 40. Re1 Rd2 41. Be2 Rfd8 42. Qxh3 Rxe2 43. Rxe2 Rd1+ 44. Kg2 Qxh3+ 45. Kxh3 Rxa1 46. Rg2 g5 47. Rc7 a5 48. Rd2 Ra3+ 49. Kg2 Nd3 50. bxa5 bxa5 51. Kf3 Nc5+ 52. Kg4 Rd3 53. Rxd3 Nxd3 54. Kf5 Nf2 55. Ra7 Kf8 56. Rxa5 Kg7 57. Ra7+ Kh6 58. Re7 g4 59. Kxf6 1-0


[Site "https://www.chess.com"]

[Event "Titled Tuesday Blitz August 02 Early 2022"]
[White "Shkapenko, Pavel"]
[Black "Sarana, Alexey"]
[WhiteFideId "4151933"]
[BlackFideId "24133795"]
[WhiteElo "2386"]
[BlackElo "2666"]
[Result "0-1"]
[Round "05"]
[TimeControl "180+1"]
[Date "2022.08.02"]
[WhiteClock "0:00:16"]
[BlackClock "0:00:29"]

1. e4 c5 2. c3 d5 3. exd5 Qxd5 4. d4 Nc6 5. Nf3 Bf5 6. Be3 cxd4 7. Nxd4 Nf6 8. Nxf5 Qxf5 9. Bd3 Qd5 10. O-O O-O-O 11. Be2 Qxd1 12. Rxd1 Rxd1+ 13. Bxd1 e6 14. Nd2 Nd5 15. Nc4 Nxe3 16. Nxe3 Bc5 17. Nc4 b5 18. Nd2 Rd8 19. Nb3 Bb6 20. Be2 b4 21. Rd1 Rxd1+ 22. Bxd1 bxc3 23. bxc3 Kc7 24. Kf1 Ne7 25. g3 Nd5 26. c4 Nc3 27. Bc2 Kd6 28. Bxh7 Nxa2 29. c5+ Bxc5 30. Bg8 Bb6 31. Bxf7 Nc3 32. Nd2 Bd8 33. f4 a5 34. g4 a4 35. f5 exf5 36. gxf5 Ke5 37. Be8 Kxf5 38. Nc4 Be7 39. Kg2 a3 40. Bd7+ Kf4 41. Nd2 a2 42. Nb3 Bf6 43. Be6 Nd1 44. Na1 Bxa1 45. Bxa2 Ne3+ 46. Kf2 Bd4 47. Kg1 Kf3 48. Kh1 Kf2 49. Bd5 Nxd5 0-1


[Site "https://www.chess.com"]

[Event "Titled Tuesday Blitz August 02 Early 2022"]
[White "Skliarov, Viktor"]
[Black "Harsha Bharathakoti"]
[WhiteFideId "14106736"]
[BlackFideId "5078776"]
[WhiteElo "2257"]
[BlackElo "2575"]
[Result "0-1"]
[Round "05"]
[TimeControl "180+1"]
[Date "2022.08.02"]
[WhiteClock "0:00:06"]
[BlackClock "0:00:26"]

1. e4 c6 2. d4 d5 3. e5 c5 4. dxc5 e6 5. a3 Bxc5 6. b4 Be7 7. Bd3 Nd7 8. Nf3 f6 9. Bb2 Nh6 10. O-O Nf7 11. Re1 Ndxe5 12. Nxe5 fxe5 13. Qh5 g6 14. Bxg6 hxg6 15. Qxg6 Kf8 16. Re3 Rg8 17. Qh5 e4 18. Nd2 Bf6 19. Bxf6 Qxf6 20. Rf1 Qg6 21. Qxg6 Rxg6 22. f3 exf3 23. Nxf3 Rg7 24. Nd4 Bd7 25. Nxe6+ Bxe6 26. Rxe6 Rc8 27. Rf2 Re8 28. Rxe8+ Kxe8 29. Rd2 Rg5 30. h4 Rg4 31. Rxd5 Rxh4 32. Ra5 a6 33. Rc5 Kd7 34. b5 axb5 35. Rxb5 Nd6 36. Rb3 Rc4 37. c3 Kc6 38. Kh2 b5 39. Rb4 Rxc3 40. a4 Kc5 41. Rh4 b4 42. a5 b3 43. Rh5+ Kb4 44. a6 b2 45. a7 Rc8 46. Rh4+ Nc4 47. Rh7 Ra8 48. Rb7+ Kc3 49. g4 Kc2 50. g5 b1=Q 51. Rxb1 Kxb1 52. g6 Rxa7 53. Kg3 Rg7 54. Kh4 Rxg6 55. Kh5 Rg1 0-1


[Site "https://www.chess.com"]

[Event "Titled Tuesday Blitz August 02 Early 2022"]
[White "Subaste, Arman"]
[Black "Harshavardhan G B"]
[WhiteFideId "5221080"]
[BlackFideId "25059009"]
[WhiteElo "1856"]
[BlackElo "1831"]
[Result "1-0"]
[Round "05"]
[TimeControl "180+1"]
[Date "2022.08.02"]
[WhiteClock "0:00:05"]
[BlackClock "0:00:11"]

1. d4 Nf6 2. c4 e5 3. dxe5 Ng4 4. Nf3 Bc5 5. e3 Nc6 6. Be2 Ngxe5 7. O-O O-O 8. Nbd2 a5 9. Nxe5 Nxe5 10. Nf3 Nxf3+ 11. Bxf3 Ra6 12. Bd2 Re8 13. a3 Qh4 14. g3 Qxc4 15. Be2 Qe4 16. Rc1 b6 17. Rc4 Qe7 18. Bd3 g6 19. Re4 Qf8 20. Rxe8 Qxe8 21. b4 axb4 22. axb4 Ra3 23. Bc1 Rxd3 24. Qxd3 Bxb4 25. Bb2 c5 26. Qd5 Qe6 27. Qa8 d5 28. Rd1 d4 29. exd4 Qg4 30. f3 Qd7 31. d5 c4 32. Qc6 c3 33. Bxc3 Bc5+ 34. Kg2 Qd8 35. Qf6 Qxf6 36. Bxf6 1-0


[Site "https://www.chess.com"]